 Dungeon Crawl Stone Soup version 0.18-a0-1730-g73f0523 (webtiles) character file.

298 4thArraOfDagon the Chopper (level 6, 0/56 HPs)
             Began as a Hill Orc Berserker on Apr 10, 2016.
             Was a Believer of Trog.
             Slain by a killer bee (5 damage)
             ... on level 7 of the Dungeon.
             The game lasted 00:03:00 (559 turns).

4thArraOfDagon the Chopper (Hill Orc Berserker)      Turns: 559, Time: 00:03:01

Health: 0/56       AC:  8    Str: 27    XL:     6   Next: 36%
Magic:  6/6        EV: 10    Int:  7    God:    Trog [**....]
Gold:   109        SH:  0    Dex: 10    Spells: 0 memorised, 5 levels left

rFire  . . .     SeeInvis .     b - -3 war axe (curse)
rCold  . . .     Gourm    .     g - +1 scale mail
rNeg   . . .     Faith    .     (no shield)
rPois  .         Spirit   .     (no helmet)
rElec  .         Dismiss  .     (no cloak)
rCorr  .         Reflect  .     (no gloves)
SustAt .         Harm     .     (no boots)
MR     .....                    (no amulet)
Stlth  ..........               (no ring)
                                (no ring)

@: mighty, lethally poisoned (0 -> -30), exhausted, slowed, very slow, not
resistant to hostile enchantments, extremely unstealthy
A: no striking features
a: Berserk, Trog's Hand, Burn Spellbooks, Renounce Religion


You were on level 7 of the Dungeon.
You worshipped Trog.
Trog was pleased with you.
You were hungry.

You visited 1 branch of the dungeon, and saw 7 of its levels.

You collected 109 gold pieces.

Inventory:

Hand Weapons
 b - a cursed -3 war axe (weapon)
 d - a +0 hand axe
Armour
 g - a +1 scale mail (worn)
Scrolls
 a - a scroll of blinking {unknown}
 e - a scroll of recharging {unknown}
 f - a scroll of fog {unknown}
Comestibles
 c - 2 bread rations
 i - 3 chunks of flesh
 j - a meat ration


   Skills:
 + Level 5.1 Fighting
 * Level 6.9 Axes
 + Level 4.1 Armour
 - Level 1.5 Dodging


You had 5 spell levels left.
You didn't know any spells.

Dungeon Overview and Level Annotations

Branches:
Dungeon (6/15)
 Temple: D:4-7

Altars:
Elyvilon
Ru
The Shining One


Message History

A killer bee comes into view.
You miss the killer bee.
The killer bee is almost dead.
You are no longer berserk.
You are exhausted.
You feel yourself slow down.
You are feeling hungry.
* * * LOW HITPOINT WARNING * * *
You feel very sick. The killer bee barely misses you.
A centaur skeleton comes into view.
Unknown command.
Drink which item? (? for menu, Esc to quit)
It was a potion of might.
You feel very mighty all of a sudden.
* * * LOW HITPOINT WARNING * * *
You feel very sick.
The killer bee stings you but does no damage.
The killer bee stings you.
You die...

.. ....#
..########....##
...Z...........#
.....?.........#
.....y.........#
...............#
....!..........#
........y.y....#
.........@)....#
...#########.>##
.. ....# ...#
...#


You could see 3 killer bees and a centaur skeleton.

Vanquished Creatures
  An orc priest (D:5)
  A hound (D:7)
  2 orc wizards
  2 iguanas
  3 worker ants (D:5)
  2 adders
  An adder skeleton (D:5)
  A dart slug (D:5)
  A giant gecko (D:7)
  12 orcs
  A giant cockroach (D:2)
  A goblin (D:1)
  2 hobgoblins (D:2)
  2 quokkas
  A ball python (D:2)
  A bat (D:3)
  A giant gecko skeleton (D:5)
  2 giant newts
37 creatures vanquished.

Notes
Turn   | Place    | Note
--------------------------------------------------------------
     0 | D:1      | 4thArraOfDagon the Hill Orc Berserker began the quest for the Orb.
     0 | D:1      | Reached XP level 1. HP: 19/19 MP: 1/1
   133 | D:2      | Reached XP level 2. HP: 27/27 MP: 2/2
   137 | D:2      | Found a sacrificial altar of Ru.
   172 | D:3      | Reached XP level 3. HP: 33/33 MP: 3/3
   191 | D:3      | Found a glowing golden altar of the Shining One.
   208 | D:3      | Reached skill level 5 in Axes
   208 | D:3      | Reached XP level 4. HP: 36/40 MP: 4/4
   241 | D:3      | Found a white marble altar of Elyvilon.
   301 | D:5      | Entered Level 5 of the Dungeon
   328 | D:5      | Reached skill level 6 in Axes
   328 | D:5      | Reached XP level 5. HP: 30/47 MP: 5/5
   378 | D:5      | Reached ** piety under Trog
   489 | D:5      | Reached XP level 6. HP: 32/55 MP: 6/6
   535 | D:6      | You fall through a shaft!
   542 | D:7      | Reached skill level 5 in Fighting
   559 | D:7      | Slain by a killer bee

Vault maps used:
D:1:      nicolae_arrival_washed_ashore, grunt_decor_cap, monster_avoids_cloud
D:2:      kennysheep_six_static_rooms, gammafunk_temple_overflow_pools,
          nicolae_ru_awakened_eye, serial_forest, infiniplex_forest_lined_2,
          infiniplex_forest_clump_diagonal, infiniplex_forest_corner_1,
          infiniplex_forest_clump_tiny, infiniplex_forest_clump_small,
          infiniplex_forest_clump_large, infiniplex_forest_straight_5
D:3:      elyvilon_altar_4, st_stairs_5, minmay_stone_trees_medium, tso_altar
D:4:      grunt_temple_overflow_holy_war, lemuel_zombie_altar_kikubaaqudgha,
          serial_shops, nicolae_shop_crystal, first_bread
D:6:      minmay_temple_entry_statues, serial_shops, shop
D:7:      grunt_temple_overflow_open

Skill      XL: |  1  2  3  4  5  6 |
---------------+-------------------+-----
Fighting       | 4 5 |  5.1
Axes           | 5 6 |  6.9
Armour         | 3 4 |  4.1
Dodging        | |  1.5

Action                   |  1- 3 |  4- 6 || total
-------------------------+-------+-------++-------
Melee: Hand axe          |    37 |       ||    37
       War axe           |       |    63 ||    63
Invok: Berserk           |     2 |     5 ||     7
       Trog's Hand       |       |     1 ||     1
  Use: Potion            |     2 |     2 ||     4
       Scroll            |       |     1 ||     1
  Eat: Pizza             |       |     1 ||     1
       Chunk             |       |     4 ||     4
